 Dungeon Crawl Stone Soup version 0.26-a0-812-g31a745ddcd (webtiles) character file.

Game seed: 11527893584161283267

846 CypherZel the Insei (level 8, -8/54 HPs)
             Began as an Octopode Transmuter on Nov 15, 2020.
             Shot with an arrow by a centaur (12 damage)
             ... on level 5 of the Dungeon.
             The game lasted 00:35:46 (8060 turns).

CypherZel the Insei (Octopode Transmuter)           Turns: 8060, Time: 00:35:47

Health: -8/54      AC:  1    Str:  9    XL:     8   Next: 0%
Magic:  14/14      EV: 17    Int: 18    God:
Gold:   320        SH:  5    Dex: 12    Spells: 12/15 levels left

rFire    . . .     SeeInvis .     - Unarmed
rCold    . . .     Faith    .   (no shield)
rNeg     . . .     Spirit   .   (helmet currently unavailable)
rPois    .         Reflect  +   m - amulet of reflection
rElec    .         Harm     .   k - +4 ring of evasion
rCorr    .         Rampage  .   (no ring)
MR       .....                  (no ring)
Stlth    ++........             (no ring)
HPRegen  0.18/turn              (no ring)
MPRegen  0.14/turn              (no ring)
                                (no ring)
                                (no ring)

@: about to teleport, appendages
A: almost no armour, stealthy swim, amphibious, 8 rings, constrict 8, tentacle
spike 3, camouflage 1, gelatinous body 1
a: End Transformation


You were on level 5 of the Dungeon.
One of your tentacles had a temporary spike.
You visited 1 branch of the dungeon, and saw 6 of its levels.
You also visited: Sewer.

You collected 320 gold pieces.

Inventory:

Missiles
 e - 6 boomerangs (quivered)
Jewellery
 k - a +4 ring of evasion (left tentacle)
 m - an amulet of reflection (around mantle)
 p - an uncursed ring of attention
Scrolls
 b - a scroll of amnesia
 c - 4 scrolls of remove curse
 d - a scroll of noise
 l - a scroll of enchant armour
 o - 2 scrolls of enchant weapon
 u - 5 scrolls of teleportation
 w - a scroll of fog
Potions
 a - a potion of degeneration
 g - a potion of flight
 h - a potion of haste
 j - 2 potions of brilliance
 n - a potion of magic {unknown}
 q - a potion of heal wounds {unknown}
 r - 2 potions of attraction
 s - a potion of resistance {unknown}
 v - 2 potions of might


   Skills:
 + Level 4.7 Fighting
 - Level 2.0 Dodging
 + Level 4.8 Unarmed Combat
 + Level 4.4 Spellcasting
 + Level 4.6 Transmutations


You had 12 spell levels left.
You knew the following spells:

 Your Spells              Type           Power        Failure   Level
a - Beastly Appendage     Tmut           ###...       1%          1
b - Wereblood             Tmut           ###.....     3%          2

Your spell library contained the following spells:

 Spells                   Type           Power        Failure   Level
 Spider Form              Tmut/Pois      ##........   16%         3
 Ice Form                 Ice/Tmut       ##......     47%         4
 Blade Hands              Tmut           ###.......   50%         5


Dungeon Overview and Level Annotations

Branches:
Dungeon (6/15)              Sewer (visited)
 Temple: D:4-7

Altars:
Elyvilon

Annotations:
D:3 exclusion: 2 downstairs
D:5 2 runed translucent doors, exclusions: 2 doors and downstairs, Lanoc's ghost, novice TeTm


Innate Abilities, Weirdness & Mutations

You cannot wear most types of armour.
You are very stealthy in the water. (Stealth+)
You are amphibious.
You can wear up to eight rings at the same time.
You can use your tentacles to constrict eight enemies at once.
Your skin changes colour to match your surroundings (Stealth+).
Your rubbery body absorbs attacks. (AC +1, EV +1)
One of your tentacles bears a large vicious spike.


Message History

The ice beast hits you. The ice beast freezes you!
You tentacle-slap the ice beast. You squeeze the ice beast.
The ice beast is heavily wounded.
You block the ice beast's attack.
You tentacle-slap the ice beast. You squeeze the ice beast.
The ice beast is severely wounded.
The ice beast hits you. The ice beast freezes you!
* * * LOW HITPOINT WARNING * * *
You feel better. The ice beast hits you. The ice beast freezes you!
* * * LOW HITPOINT WARNING * * *
Press: ? - help, Dir - move target cursor
As you read the scroll of blinking, it crumbles to dust.
As you read the scroll of teleportation, it crumbles to dust.
You feel strangely unstable.
The centaur shouts!
The centaur unwields a +0 scythe.
The centaur wields a +0 shortbow.
The centaur shoots an arrow.
The arrow hits you.
* * * LOW HITPOINT WARNING * * *
The centaur shoots an arrow.
The arrow hits you!
You die...

#### #.#.## ##.......##
## ...# #.### ##.....##
# ##.# #...# ##...## #
#.# #...# ##'## # #.#
#...# ####.##### # ##.#
##.## #........# # ...#
#.# #........# # ####
##.#######.#...#..# #
#.....@......c....#####
##.#######.............
### #.....#..#####
#.#####..# #.Y......#
#.......## #########


You could see a centaur.

Vanquished Creatures
  A centaur (D:5)
  2 scorpions (D:5)
  A bullfrog zombie (D:5)
  3 jellies (D:4)
  2 centaur skeletons
  A hound (D:5)
  An orc priest (D:4)
  An orc wizard (D:4)
  A bullfrog skeleton (D:4)
  3 worker ants (D:4)
  A gnoll (D:5)
  4 river rats (Sewer)
  8 adders
  A white imp (D:6)
  9 oozes (D:4)
  An adder zombie (D:1)
  4 worms
  2 dart slugs
  4 leopard geckos
  6 orcs
  5 bats
  A bat zombie (D:1)
  8 giant cockroaches
  6 goblins
  4 hobgoblins
  2 jackals (D:4)
  5 quokkas
  6 ball pythons
  10 frilled lizards
  A jackal skeleton (D:4)
  14 kobolds
  12 rats
130 creatures vanquished.

Vanquished Creatures (others)
  9 fungi (D:4)
  6 toadstools (D:4)
15 creatures vanquished.

Grand Total: 145 creatures vanquished

Notes
Turn   | Place    | Note
-------+----------+-------------------------------------------
     0 | D:1      | CypherZel the Octopode Transmuter began the quest for the
                  | Orb.
     0 | D:1      | Reached XP level 1. HP: 13/13 MP: 3/3
   258 | D:1      | Reached XP level 2. HP: 18/18 MP: 3/5
  1366 | D:2      | Reached XP level 3. HP: 22/25 MP: 4/6
  2364 | D:3      | Found a white marble altar of Elyvilon.
  2554 | D:3      | Reached XP level 4. HP: 28/31 MP: 7/7
  3133 | D:4      | Noticed an ogre
  3384 | D:4      | Reached XP level 5. HP: 25/36 MP: 7/9
  3395 | D:4      | You fall into a shaft and drop 1 floor!
  3395 | D:5      | Entered Level 5 of the Dungeon
  3556 | D:5      | Found a glowing drain.
  3612 | Sewer    | Entered a sewer
  3699 | Sewer    | Reached XP level 6. HP: 32/42 MP: 10/10
  5405 | D:4      | Learned a level 2 spell: Wereblood
  5442 | D:4      | Reached XP level 7. HP: 37/48 MP: 12/12
  6118 | D:5      | Found a runed translucent door.
  6123 | D:5      | Noticed Lanoc's ghost (novice TeTm)
  6803 | D:5      | Found a runed translucent door.
  7646 | D:5      | Reached XP level 8. HP: 48/54 MP: 14/14
  8060 | D:5      | Shot with an arrow by a centaur

Illustrated notes

Levels and vault maps discovered:
D:1:      saegor_arrival_fortress, layout_loops_ring
D:2:      layout_loops_cross, minmay_bisected
D:3:      layout_loops_cross, elyvilon_altar_5
D:4:      cheibrodos_fertilizer, layout_rooms
D:5:      layout_loops_corners, ebering_ghost_sewer_f, gup_sewer_entry_glass
D:6:      layout_cave_pools

Skill      XL: |  1  2  3  4  5  6  7 |
---------------+----------------------+-----
Fighting       | 2 3 4 |  4.7
Transmutations | 3 4 |  4.6
Spellcasting   | 3 4 |  4.4
Unarmed Combat | 4 |  4.8
Dodging        | |  2.0

Action                   |  1- 3 |  4- 6 |  7- 9 || total
-------------------------+-------+-------+-------++-------
Melee: Unarmed           |    76 |   156 |    99 ||   331
       Constrict         |    22 |    27 |    16 ||    65
       Kick              |    18 |    35 |    23 ||    76
       Tentacles         |    10 |    21 |    23 ||    54
       Punch             |     1 |     2 |     3 ||     6
Throw: Boomerang         |     1 |    10 |     1 ||    12
 Cast: Beastly Appendage |    31 |    39 |    16 ||    86
  Use: Scroll            |     9 |     4 |    10 ||    23
       Potion            |       |     4 |     2 ||     6
 Stab: Sleeping          |     6 |     6 |     1 ||    13
Armor: Skin              |     7 |     8 |       ||    15
Dodge: Dodged            |    48 |    88 |    64 ||   200
Block: Other             |       |    23 |    22 ||    45
       Reflection        |       |       |     1 ||     1

Table legend: (Time is in decaauts)
 A = Elapsed time spent in this place.
 B = Non-inter-level travel time spent in this place.
 C = Inter-level travel time spent in this place.
 D = Time resting spent in this place.
 E = Time spent auto-exploring this place.
 F = Levels seen in this place.
 G = Mean time per level.
                   A        B        C        D        E       F      G
               +--------+--------+--------+--------+--------+-----+--------+
         Total |   8051 |   7433 |    618 |   2492 |   2596 |   7 | 1150.1 |
       Dungeon |   7536 |   6918 |    618 |   2374 |   2340 |   6 | 1256.0 |
         Sewer |    515 |    515 |      0 |    118 |    256 |   1 |  515.0 |
               +--------+--------+--------+--------+--------+-----+--------+

Top non-repeatable levels by time:
     D:5: 2440 daAuts
     D:4: 1785 daAuts
     D:1: 1149 daAuts
     D:2: 1109 daAuts
     D:3: 1005 daAuts
   Sewer: 515 daAuts
     D:6: 46 daAuts
